cohdb
Replays
Latest Replays
All Replays
Popular Replays
Top Player Replays
Match Explorer
How It Works
Community
CoH3 Stats
Reddit
Sign in to upload your games and track your stats! →
Sign in with Steam
Match 42308891
Unlisted
Match 42308891
Overview
Messages
Build Orders
End
Construct Barracks
Selects Advanced Infantry Battlegroup
Riflemen Squad
1⁄4-ton 4x4 Truck
Riflemen Squad
Construct Weapon Support Center
M1919 Machine Gun Team
Selects Convert to Ranger Squad
Mechanized Support Center
Grenade Package
Selects Frontline Medical Station
Frontline Medical Station
Frontline Medical Station
Construct Motor Pool
M1 Anti-tank Gun Team
M16 Multiple Gun Motor Carriage
Selects Artillery Observers
M1919 Machine Gun Team
M1918 Browning Automatic Rifles
Selects M2A1 105mm Howitzer Emplacement
Engineer Squad
.30 cal Machine Gun
Selects Infantry Assault
Infantry Assault
Improved M9 Bazooka Rockets
M1 Anti-tank Gun Team
Infantry Assault
Selects Free Fire Drills
AI Takeover
Grimauldus
Svenious Jakobus (GB)
The Boogyman
erik.ljungqvist1992
Nuclear Viking
BladeRunner
巨蟹座
Temsy36
0
0
Comments
sign in to comment!
No comments posted yet!